 Seeded DCSS version 0.27.1-34-g3ba077fa99 (webtiles) character file.

Game seed: 20220203 (custom seed)

4 MrsC00kiez23 the Grave Robber (level 1, 0/13 HPs)
             Began as a Demonspawn Necromancer on Feb 3, 2022.
             Killed by nerve-wracking pain (5 damage)
             ... on level 1 of the Dungeon.
             The game lasted 00:08:11 (114 turns).

MrsC00kiez23 the Grave Robber (DsNe)                 Turns: 114, Time: 00:08:12

Health: 0/13       AC:  2    Str:  8    XL:     1   Next: 58%
Magic:  1/3        EV: 12    Int: 16    God:
Gold:   17         SH:  0    Dex: 13    Spells: 3/4 levels left

rFire    . . .     SeeInvis .   (no weapon)
rCold    . . .     Faith    .   (no shield)
rNeg     . . .     Spirit   .   a - +0 robe
rPois    .         Reflect  .   (no helmet)
rElec    .         Harm     .   (no cloak)
rCorr    .         Rampage  .   (no gloves)
Will     .....                  (no boots)
Stlth    ++........             (no amulet)
HPRegen  0.04/turn              (no ring)
MPRegen  0.08/turn              (no ring)

@: brilliant
A: no striking features
a: no special abilities


You were on level 1 of the Dungeon.
You visited 1 branch of the dungeon, and saw 1 of its levels.

You collected 17 gold pieces.

Inventory:

Armour
 a - a +0 robe (worn)
Scrolls
 b - a scroll of identify {unknown}


   Skills:
 + Level 1.8 Dodging
 + Level 1.8 Stealth
 + Level 2.1 Spellcasting
 + Level 4.6 Necromancy


You had 3 spell levels left.
You knew the following spells:

 Your Spells              Type           Power      Damage    Failure   Level
a - Pain                  Necr           96%        1d8       3%          1

Your spell library contained the following spells:

 Spells                   Type           Power      Damage    Failure   Level
 Animate Skeleton         Necr           48%        N/A       3%          1
 Vampiric Draining        Necr           12%        2d7       10%         3
 Animate Dead             Necr           12%        N/A       30%         4
 Agony                    Necr           24%        N/A       65%         5


Dungeon Overview and Level Annotations

Branches:
Dungeon (1/15)

Altars:


Message History

[Y]es or [N]o only, please.
That beam is likely to hit you.
Continue anyway?
Okay, then.
Magic restored.
Aiming: Pain (safe; 3% risk of failure)
Press: ? - help, Q - select action Shift-Dir - straight line, f - you That beam is likely to hit you.
Continue anyway? [Y]es or [N]o only, please.
That beam is likely to hit you.
Continue anyway?
Uppercase [Y]es or [N]o only, please.
That beam is likely to hit you.
Continue anyway?
Uppercase [Y]es or [N]o only, please.
That beam is likely to hit you.
Continue anyway?
Uppercase [Y]es or [N]o only, please.
That beam is likely to hit you.
Continue anyway?
You barely resist.
Nothing appears to happen.
Sorry, I don't know how to get there.
Magic restored.
There is a stone staircase leading down here.
There is a stone staircase leading down here.
Unknown command.
Unknown command.
It was a potion of brilliance.
You feel clever all of a sudden.
Sorry, I don't know how to get there.
Found a scroll labelled YRUQUU TAANGA.
A kobold comes into view. It is wielding a +1 dagger of speed.
You aren't carrying any potions.
Aiming: Pain (safe; 3% risk of failure)
Press: ? - help, Q - select action Shift-Dir - straight line, f - you You feel a surge of power!
That beam is likely to hit you.
Continue anyway?
Pain shoots through your body!
A kobold is nearby!
Aiming: Pain (safe; 3% risk of failure)
Press: ? - help, Q - select action Shift-Dir - straight line, f - you You feel a surge of power!
That beam is likely to hit you.
Continue anyway?
Pain shoots through your body!
You die...

#. #.## .# .... .#..#######
.##....
..#.#.....#######......#
......≈≈≈..............
......≈[≈.#####......#
..#...≈≈≈.>...........
..................###?.K
##..#......####.@.?.....
###...#....#.....#.###.#
.............##.## #
..#..........>...#
##...............#.# ..# ..
.................#.# ..##.#
.................#.##......
.................#.......#
..♣.......###............#


You could see a kobold (asleep).

Vanquished Creatures
  A ball python (D:1)
  A bat (D:1)
  A hobgoblin (D:1)
  A rat (D:1)
4 creatures vanquished.

Notes
Turn   | Place    | Note
-------+----------+-------------------------------------------
     0 | D:1      | MrsC00kiez23 the Demonspawn Necromancer began the quest for
                  | the Orb.
     0 | D:1      | Reached XP level 1. HP: 13/13 MP: 3/3
   114 | D:1      | Killed by nerve-wracking pain

Illustrated notes

Levels and vault maps discovered:
D:1:      wander_arrival_peaceful_grave, layout_rooms,
          hellmonk_ecumenical_altar_heavens_door,
          corexii_item_surrounded_by_moat, minmay_tromino_v4_b

Action                   || total
-------------------------++-------
Melee: Unarmed           ||     6
 Cast: Pain              ||     7
  Use: Potion            ||     1
Armor: Robe              ||     1
Dodge: Dodged            ||    12
